 Dungeon Crawl Stone Soup version 0.31-a0-202-g547052bce9 (webtiles) character file.

Game seed: 1192887458915336832

6246 BlueFish the Trooper (level 10, -4/86 HPs)
             Began as a White Draconian Artificer on June 20, 2023.
             Was a Believer of Vehumet.
             Killed from afar by an acid dragon (17 damage)
             ... with a splash of acid
             ... on level 9 of the Dungeon on June 26, 2023.
             The game lasted 00:32:20 (11838 turns).

BlueFish the Trooper (White Draconian Artificer)   Turns: 11838, Time: 00:32:20

Health: -4/86      AC:  5    Str: 16    XL:     10   Next: 62%
Magic:  14/14      EV: 14    Int: 21    God:    Vehumet [**....]
Gold:   552        SH:  0    Dex: 11    Spells: 13/14 levels left

rFire   . . .        I - +4 mace (freeze)
rCold   + . .        (no shield)
rNeg    . . .        (body armour unavailable)
rPois   +            (helmet restricted)
rElec   .            (no cloak)
rCorr   .            p - +1 Delatra's gloves {ID++}
SInv    .            (no boots)
Will    .....        n - amulet of faith
Stlth   +++          z - ring of poison resistance
HPRegen 0.34/turn    s - +6 ring of intelligence
MPRegen 0.14/turn

%: faith
@: about to teleport, short of breath, corroded
A: breathe frost, AC +7, unfitting armour, cold resistance 1, cold-blooded
a: Breathe Frost, Renounce Religion


You were on level 9 of the Dungeon.
You worshipped Vehumet.
Vehumet was pleased with you.
You visited 2 branches of the dungeon, and saw 10 of its levels.

You collected 552 gold pieces.

Inventory:

Hand Weapons
 a - a +0 club
 f - a +0 whip
 g - a +2 spectral club
 o - a +2 short sword of flaming
 I - a +4 mace of freezing (weapon)
Missiles
 k - 4 throwing nets
Armour
 p - the +1 Delatra's gloves (worn) {ID++}
   (You found it on level 2 of the Dungeon)

   ID++:      It heals its wearer when they drink unknown potions, and restores
   their MP when they read unknown scrolls.
Jewellery
 m - a +6 ring of dexterity
 n - an amulet of faith (around neck)
 s - a +6 ring of intelligence (right hand)
 z - a ring of poison resistance (left hand)
Wands
 b - a wand of flame (21) (quivered)
 d - a wand of iceblast (10)
Scrolls
 c - a scroll of noise {unknown}
 e - a scroll of revelation {unknown}
 h - 5 scrolls of identify {unknown}
 i - 4 scrolls of fear {unknown}
 j - 4 scrolls of teleportation
 q - a scroll of acquirement {unknown}
 t - a scroll of amnesia {unknown}
 u - 4 scrolls of torment {unknown}
 v - a scroll of blinking {unknown}
 w - a scroll of enchant armour {unknown}
 y - 3 scrolls of vulnerability {unknown}
 C - a scroll of butterflies {unknown}
 F - a scroll of enchant weapon {unknown}
Potions
 l - 2 potions of ambrosia
 r - a potion of resistance
 x - 2 potions of berserk rage {unknown}
 A - a potion of mutation {unknown}
 B - 2 potions of enlightenment {unknown}
 D - 2 potions of haste {unknown}
 E - a potion of brilliance {unknown}
 G - a potion of curing
 H - a potion of magic {unknown}


   Skills:
 + Level 7.5 Fighting
 + Level 6.5 Maces & Flails
 + Level 6.5 Dodging
 + Level 6.7 Stealth
 + Level 2.7 Spellcasting
 * Level 5.6 Ice Magic
 + Level 7.3 Evocations


You had 13 spell levels left.
You knew the following spells:

 Your Spells              Type           Power      Damage    Failure   Level
a - Freeze                Ice            100%       1d10      1%          1

Your spell library contained the following spells:

 Spells                   Type           Power      Damage    Failure   Level
 Kiss of Death            Conj/Necr      8%         2d6       14%         1
 Apportation              Tloc           4%         N/A       14%         1
 Necrotise                Necr           8%         1d4       14%         1
 Summon Small Mammal      Summ           8%         N/A       14%         1
 Dazzling Flash           Conj/Hex       4%         N/A       38%         3
 Volatile Blastmotes      Fire/Tloc      4%         2d10      38%         3
 Iskenderun's Mystic Bla  Conj/Tloc      2%         2d3       80%         4
 Starburst                Conj/Fire      1%         6d3       100%        6


Dungeon Overview and Level Annotations

Branches:
Dungeon (9/15)             Temple (1/1) D:6            Lair (0/5) D:9
    Orc: D:9-12

Altars:
Ashenzari
Elyvilon
Gozag
Kikubaaqudgha
Makhleb
Okawaru
Ru
Sif Muna
Trog
Vehumet
Zin

Shops:
D:7 (

Annotations:
D:5 2 transporters, rinse's ghost, weakling KoDe
D:6 3 runed translucent doors, Pooter's ghost, novice MiFi; SigmundSlayer's ghost, novice DgFi; innerfire43's ghost, novice DsMo; rinse's ghost, novice OpMo; sokol815's ghost, novice OpBr


Innate Abilities, Weirdness & Mutations

You can breathe waves of freezing cold which knock back foes.
Your icy white scales are hard. (AC +7)
You cannot fit into any form of body armour.
Your flesh is cold resistant. (rC+)
You are cold-blooded and may be slowed by cold attacks.


Message History

The acid dragon completely misses you. The acid dragon barely misses you.
You barely miss the acid dragon.
Your tail-slap misses the acid dragon.
The acid dragon is lightly wounded.
The acid dragon bites you! The acid dragon claws you.
You hit the acid dragon but do no damage.
Your tail-slap misses the acid dragon.
The acid dragon is lightly wounded.
The acid dragon bites you. The acid dragon claws you.
You completely miss the acid dragon.
The acid dragon is lightly wounded.
The acid dragon misses you. The acid dragon barely misses you.
You closely miss the acid dragon. You tail-slap the acid dragon.
The acid dragon is moderately wounded.
The acid dragon spits acid at you. The splash of acid hits you!
You hit the acid dragon. You freeze the acid dragon.
You tail-slap the acid dragon.
The acid dragon is heavily wounded.
The acid dragon bites you! The acid dragon closely misses you.
You hit the acid dragon but do no damage.
You tail-slap the acid dragon, but do no damage.
The acid dragon is heavily wounded.
The acid dragon bites you but does no damage.
The acid dragon claws you.
You hit the acid dragon. You freeze the acid dragon.
Your tail-slap misses the acid dragon.
The acid dragon is severely wounded.
The acid dragon bites you!
* * * LOW HITPOINT WARNING * * *
The acid dragon closely misses you.
As you read the scroll of teleportation, it crumbles to dust.
You feel strangely unstable. The acid dragon spits acid at you.
The splash of acid hits you!
* * * LOW HITPOINT WARNING * * *
You closely miss the acid dragon.
The acid dragon is severely wounded.
The acid dragon spits acid at you. The splash of acid hits you!
You die...

### ### #≈#.# #.#
#.## #≈#.# #.# #..
#≈### #.## #.#
#≈≈≈≈
##########.##.##.#
#####
........)..##....#
################O#
#.......# #D#
#.#####.# #@# #.#
#.# #.# ..# #.#
#.# ###
#.########.##
#.........#.#
##########.## ###


You could see a two-headed ogre and an acid dragon (catching breath).

Vanquished Creatures
  Erolcha (D:9)
  Maggie (D:6)
  2 wyverns
  7 yaks (D:9)
  A wraith (D:7)
  Grum (D:8)
  3 steam dragons
  Menkaure (D:6)
  A water moccasin (D:9)
  A sky beast (D:7)
  An orc warrior (D:7)
  A black bear (D:9)
  3 centaurs
  2 wolves
  A phantom (D:5)
  3 kobold brigands
  2 bullfrogs
  A gnoll sergeant (D:6)
  2 scorpions
  3 wights
  3 killer bees (D:8)
  7 howler monkeys
  2 jellies
  3 hounds
  An orc priest (D:5)
  A gnoll bouda (D:5)
  Jessica (D:2)
  2 iguanas (D:4)
  3 sleepcaps
  7 orc wizards
  41 gnolls
  7 adders
  A shadow imp (D:4)
  An ufetubus (D:5)
  A worm (D:3)
  4 dart slugs
  38 orcs
  3 bats
  6 endoplasms
  7 giant cockroaches
  11 goblins
  7 hobgoblins
  17 jackals
  4 quokkas
  3 training dummies (D:7)
  7 ball pythons
  5 frilled lizards
  13 kobolds
  6 rats
250 creatures vanquished.

Vanquished Creatures (collateral kills)
  2 wolves (D:8)
  3 orc priests (D:8)
  A gnoll (D:6)
  A white imp (D:7)
  2 orcs (D:2)
9 creatures vanquished.

Vanquished Creatures (others)
  A gnoll (D:7)
  A goblin (D:2)
  3 spectral weapons
5 creatures vanquished.

Grand Total: 264 creatures vanquished

Notes
Turn   | Place    | Note
-------+----------+-------------------------------------------
     0 | D:1      | BlueFish the Draconian Artificer began the quest for the
                  | Orb.
     0 | D:1      | Reached XP level 1. HP: 16/16 MP: 1/1
    61 | D:1      | Reached skill level 1 in Stealth
   243 | D:1      | You fall into a shaft and drop 1 floor!
   256 | D:2      | Reached XP level 2. HP: 11/23 MP: 2/2
   396 | D:2      | Noticed Jessica
   419 | D:2      | Killed Jessica
   420 | D:2      | Reached XP level 3. HP: 7/29 MP: 3/3
   725 | D:1      | Reached skill level 1 in Maces & Flails
  1286 | D:2      | Reached XP level 4. HP: 36/36 MP: 4/4
  1986 | D:2      | Reached XP level 5. HP: 34/42 MP: 5/5
  2012 | D:2      | Found the +1 Delatra's gloves {ID++}
  2144 | D:3      | Found a faded altar of an unknown god.
  2960 | D:4      | Reached XP level 6. HP: 15/51 MP: 6/6
  3246 | D:4      | HP: 2/51 [something (6)]
  3744 | D:4      | Identified the +1 robe "Xott" {rPois rC++ Stlth+}
  3807 | D:4      | Your scales start taking on an icy white colour.
  3807 | D:4      | Reached XP level 7. HP: 17/58 MP: 7/7
  3807 | D:4      | Gained mutation: Your flesh is cold resistant. (rC+) [White
                  | Draconian growth]
  4707 | D:5      | Entered Level 5 of the Dungeon
  4730 | D:5      | Noticed rinse's ghost (weakling KoDe)
  4732 | D:5      | Found a transporter.
  4736 | D:5      | Found a transporter.
  4975 | D:5      | Reached skill level 5 in Evocations
  5031 | D:5      | Reached XP level 8. HP: 43/67 MP: 8/8
  5264 | D:5      | Found a glowing silver altar of Zin.
  5536 | D:6      | Noticed Maggie
  5660 | D:6      | Reached skill level 5 in Fighting
  5732 | D:6      | Found a runed translucent gate.
  5732 | D:6      | Found a runed translucent gate.
  5732 | D:6      | Found a runed translucent gate.
  5732 | D:6      | Noticed SigmundSlayer's ghost (novice DgFi)
  5732 | D:6      | Noticed innerfire43's ghost (novice DsMo)
  5732 | D:6      | Noticed sokol815's ghost (novice OpBr)
  5732 | D:6      | Noticed Pooter's ghost (novice MiFi)
  5733 | D:6      | Noticed rinse's ghost (novice OpMo)
  5759 | D:6      | Found a staircase to the Ecumenical Temple.
  5779 | Temple   | Entered the Ecumenical Temple
  5792 | Temple   | Became a worshipper of Vehumet
  5886 | D:6      | Noticed Menkaure
  6425 | D:6      | Identified the +5 whip of Odoret {spect, Int-5 Dex+6}
  6748 | D:6      | Killed Menkaure
  6993 | D:6      | Killed Maggie
  6994 | D:6      | Reached skill level 5 in Dodging
  6994 | D:6      | Reached skill level 5 in Stealth
  7346 | D:7      | Reached XP level 9. HP: 62/75 MP: 9/9
  7404 | D:7      | Reached skill level 5 in Maces & Flails
  8022 | D:7      | Found Qoar's Firing Range.
  8091 | D:7      | Reached * piety under Vehumet
  8091 | D:7      | Offered knowledge of Freeze by Vehumet.
  8133 | D:7      | Learned a level 1 spell: Freeze
  8371 | D:8      | Noticed Grum
  8461 | D:8      | Reached skill level 1 in Ice Magic
  8884 | D:8      | Reached skill level 1 in Spellcasting
  8900 | D:8      | Your ally Grum died
  9685 | D:8      | Reached XP level 10. HP: 61/84 MP: 12/12
  9849 | D:8      | Offered knowledge of Kiss of Death by Vehumet.
 10071 | D:9      | Reached ** piety under Vehumet
 10337 | D:9      | Noticed a two-headed ogre
 10439 | D:9      | Noticed a two-headed ogre
 10962 | D:9      | Noticed Erolcha
 11066 | D:9      | Reached skill level 5 in Ice Magic
 11311 | D:9      | Upgraded the game from 0.31-a0-180-g519b7de00c to
                  | 0.31-a0-202-g547052bce9
 11311 | D:9      | Found a staircase to the Lair.
 11311 | D:9      | Noticed a death yak
 11771 | D:9      | Killed Erolcha
 11822 | D:9      | Noticed a two-headed ogre
 11838 | D:9      | Killed from afar by an acid dragon

Illustrated notes

Levels and vault maps discovered:
D:1:      onia_arrival_mini_maze, layout_loops_ring
D:2:      layout_loops_ring, pf_guarded_unrand_delatra, uniq_jessica
D:3:      layout_loops_ring, hellmonk_ecumenical_altar_heavens_door
D:4:      lemuel_castle_with_subvaults [lemuel_castle_interior_carwin_1],
          layout_cave_pods, st_stairs_12
D:5:      layout_rooms, mainiacjoe_overflow_concentric_impassable,
          gammafunk_ghost_arena
D:6:      layout_loops_cross, minmay_temple_entry_statues_fountains,
          gammafunk_ghost_cemetery, uniq_maggie, uniq_menkaure
D:7:      layout_rooms, grunt_ministairs_1, nicolae_shop_firing_range
D:8:      layout_gridville, uniq_grum
D:9:      layout_loops_ring, david_lair_generic, serial_aquarium,
          aquarium_bridge_square [aquarium_subvault_window,
          aquarium_subvault_bridge, aquarium_subvault_wall,
          aquarium_subvault_wall], aquarium_window_corner, aquarium_window_fake,
          aquarium_view_2a, aquarium_pool_double, kennysheep_opposing_triangles,
          uniq_erolcha
Temple:   nicolae_temple_bog_church

Skill      XL: |  1  2  3  4  5  6  7  8  9 10 |
---------------+-------------------------------+-----
Stealth        | 1 2 3 4 5 6 |  6.7
Fighting       | 2 3 4 5 6 7 |  7.5
Maces & Flails | 1 2 3 4 6 |  6.5
Dodging        | 3 4 5 6 |  6.5
Evocations     | 4 5 6 7 |  7.3
Ice Magic      | 3 5 |  5.6
Spellcasting   | 1 2 |  2.7

Action                     |  1- 3 |  4- 6 |  7- 9 | 10-12 || total
---------------------------+-------+-------+-------+-------++-------
  Melee: Club              |   111 |   269 |   646 |     3 ||  1029
         Tailslap          |     7 |    42 |   121 |    21 ||   191
         Whip              |     5 |       |       |       ||     5
         Short sword       |       |     2 |       |       ||     2
         Punch             |       |     3 |    15 |     2 ||    20
         Mace              |       |       |       |   119 ||   119
   Cast: Freeze            |       |       |     3 |       ||     3
Ability: Breathe Frost     |       |       |     2 |     5 ||     7
  Evoke: Wand              |     4 |     5 |    11 |     7 ||    27
    Use: Potion            |       |     2 |     4 |       ||     6
         Scroll            |       |       |       |     3 ||     3
   Stab: Sleeping          |     4 |     4 |    11 |     3 ||    22
         Distracted        |       |     1 |    10 |       ||    11
         Betrayed ally     |       |       |     1 |       ||     1
 Armour: Skin              |    34 |   122 |   168 |    44 ||   368
  Dodge: Dodged            |    72 |   203 |   426 |    86 ||   787

Table legend: (Time is in decaauts)
 A = Elapsed time spent in this place.
 B = Non-inter-level travel time spent in this place.
 C = Inter-level travel time spent in this place.
 D = Time resting spent in this place.
 E = Time spent auto-exploring this place.
 F = Levels seen in this place.
 G = Mean time per level.
                   A        B        C        D        E       F      G
               +--------+--------+--------+--------+--------+-----+--------+
         Total |  12013 |  11632 |    381 |    294 |   7552 |  10 | 1201.3 |
       Dungeon |  11988 |  11607 |    381 |    294 |   7552 |   9 | 1332.0 |
        Temple |     25 |     25 |      0 |      0 |      0 |   1 |   25.0 |
               +--------+--------+--------+--------+--------+-----+--------+

Top non-repeatable levels by time:
     D:4: 1952 daAuts
     D:8: 1852 daAuts
     D:9: 1544 daAuts
     D:6: 1478 daAuts
     D:7: 1155 daAuts
     D:5: 1145 daAuts
     D:2: 1118 daAuts
     D:1: 1014 daAuts
     D:3: 727 daAuts
  Temple: 25 daAuts
